 Dungeon Crawl Stone Soup version 0.31-a0-441-g867994ef1c (webtiles) character file.

Game seed: 8077068126928512622

163 Zonian the Ruffian (level 5, 0/35 HPs)
             Began as an Octopode Shapeshifter on Aug 3, 2023.
             Was an Initiate of Ashenzari.
             Killed from afar by Sigmund (11 damage)
             ... with a puff of flame
             ... on level 3 of the Dungeon.
             The game lasted 00:04:44 (2231 turns).

Zonian the Ruffian (Octopode Shapeshifter)          Turns: 2231, Time: 00:04:45

Health: 0/35       AC:  1    Str: 16    XL:     5   Next: 44%
Magic:  5/5        EV: 14    Int: 10    God:    Ashenzari [......]
Gold:   102        SH:  0    Dex: 13    Spells: 4/4 levels left

rFire   . .          .
                       - Unarmed
rCold   . . .        (no shield)
rNeg    . . .        (helmet currently unavailable)
rPois   .            (no amulet)
rElec   .            (no ring)
rCorr   .            (no ring)
SInv    .            (no ring)
Will    .....        (no ring)
Stlth   ++           (no ring)
HPRegen 0.25/turn    (no ring)
MPRegen 0.09/turn    (no ring)
                     (no ring)

%: no passive effects
@: confused, brilliant, beast-form, attractive, invisible
A: beast (slay +2), almost no armour, amphibious, 8 rings, camouflage 1,
gelatinous body 1, (nimble swimmer 1), tentacles
a: Begin Untransformation, Renounce Religion, Curse Item


You were on level 3 of the Dungeon.
You worshipped Ashenzari.
Ashenzari was noncommittal.
You were a hulking beast.
You visited 1 branch of the dungeon, and saw 3 of its levels.

You collected 102 gold pieces.

Inventory:

Talismans
 b - a beast talisman (active)
 i - a talisman of death
Scrolls
 e - a scroll of fog {unknown}
 h - 2 scrolls of noise {unknown}
 j - a scroll of identify {unknown}
Potions
 a - a potion of brilliance
 d - a potion of attraction


   Skills:
 + Level 2.6 Fighting
 + Level 3.1 Dodging
 + Level 4.0 Unarmed Combat
 + Level 3.6 Shapeshifting


You had 4 spell levels left.
You didn't know any spells.
Your spell library contained the following spells:

 Spells                   Type           Power      Damage    Failure   Level
 Apportation              Tloc           0%         N/A       36%         1
 Freeze                   Ice            0%         1d3       36%         1
 Necrotise                Necr           0%         1d4       36%         1
 Summon Small Mammal      Summ           0%         N/A       36%         1
 Lesser Beckoning         Tloc           0%         N/A       50%         2
 Frozen Ramparts          Ice            0%         1d1       75%         3
 Gell's Gravitas          Tloc           0%         N/A       75%         3
 Hailstorm                Conj/Ice       0%         3d3       75%         3
 Teleport Other           Tloc           0%         N/A       75%         3
 Vhi's Electric Charge    Tloc/Air       0%         N/A       75%         3
 Arcjolt                  Conj/Air       0%         1d10      100%        5
 Plasma Beam              Fire/Air       0%         2x1d10    100%        6


Dungeon Overview and Level Annotations

Branches:
Dungeon (3/15)

Altars:
Ashenzari
Okawaru

Shops:
D:2 :

Annotations:
D:3 Sigmund


Innate Abilities, Weirdness & Mutations

You are a hulking beast.
Your limbs bulge with bestial killing power. (Slay +2)
You cannot wear most types of armour.
You are amphibious.
You can wear up to eight rings at the same time.
Your skin changes colour to match your surroundings (Stealth+).
Your rubbery body absorbs attacks. (AC +1, EV +1)
((You are camouflaged when in or above water. (Stealth+)))
You have tentacles for arms and can constrict up to eight enemies at once.


Message History

You feel much better. Something is attracted toward you.
Something is attracted toward you. Something is attracted toward you.
It was a potion of magic.
Magic courses through your body. Something is attracted toward you.
You hear a shout!
Something is attracted toward you. Something is attracted toward you.
Something is attracted toward you. Something is attracted toward you.
Something is attracted toward you.
Really walk into that dispersal trap?
You enter a dispersal trap!
You blink.
Something is attracted toward you.
Unknown command.
Something is attracted toward you. Something is attracted toward you.
Something is attracted toward you. Something is attracted toward you.
You tentacle-slap something but do no damage.
Something hits you!
You tentacle-slap something. You squeeze something. You miss something.
You squeeze something.
You hear some strange, mumbled words.
You are confused.
Something barely misses you. Something is attracted toward you.
Something is attracted toward you.
You miss something.
You feel less confused.
You hear some strange, mumbled words.
You are confused.
Something hits you!
Okay, then.
You are too confused!
Unknown command.
You tentacle-slap something. You tentacle-slap something.
You hear some strange, mumbled words.
A puff of flame appears from out of thin air!
The puff of flame hits you!
You die...

#.#...........§..#..#
#.#................#
###.#...[............#
#....................##
#........^........>...#
#..##.................###
#..###...................
#### ##...............#
######...h......#
##...{....## ##........##
#..........# #...)......#
#..........# #..†.......#
#.........<# ##<.......##


There were no monsters in sight!

Vanquished Creatures
  A scorpion (D:3)
  Robin (D:2)
  2 adders
  3 worms (D:2)
  5 orcs (D:2)
  3 bats (D:2)
  5 endoplasms
  3 giant cockroaches
  7 hobgoblins
  4 jackals (D:1)
  A kobold (D:2)
  2 quokkas (D:1)
  3 ball pythons
  9 frilled lizards (D:2)
  11 goblins
  4 rats
64 creatures vanquished.

Notes
Turn   | Place    | Note
-------+----------+-------------------------------------------
     0 | D:1      | Zonian the Octopode Shapeshifter began the quest for the
                  | Orb.
     0 | D:1      | Reached XP level 1. HP: 13/13 MP: 1/1
    84 | D:1      | Reached XP level 2. HP: 18/18 MP: 2/2
   579 | D:1      | Found a faded altar of an unknown god.
   628 | D:1      | Prayed at the altar of an unknown god.
   628 | D:1      | Became a worshipper of Ashenzari the Shackled
   747 | D:1      | Reached XP level 3. HP: 23/23 MP: 3/3
   817 | D:2      | Found an iron altar of Okawaru.
  1041 | D:2      | Identified the +2 robe of Pevvel Jolo {Contam rC+++
                  | Archmagi}
  1046 | D:2      | Found Ogofu's Book Shoppe.
  1046 | D:2      | Noticed Robin
  1074 | D:2      | Killed Robin
  1075 | D:2      | Reached XP level 4. HP: 9/26 MP: 4/4
  2144 | D:3      | Noticed a scorpion
  2155 | D:3      | Killed a scorpion
  2156 | D:3      | Reached skill level 4 in Unarmed Combat
  2156 | D:3      | Reached XP level 5. HP: 30/35 MP: 5/5
  2191 | D:3      | Noticed Sigmund
  2231 | D:3      | Killed from afar by Sigmund

Illustrated notes

Levels and vault maps discovered:
D:1:      tarquinn_simple_flora_water_e, layout_basic,
          shapermc_ecumenical_altar_mp_vishouse
D:2:      layout_loops_ring, basic_altar, serial_shops, shop,
          minmay_lizard_king, uniq_robin
D:3:      layout_rooms, mainiacjoe_overflow_alcove_2, minmay_close_crescents,
          uniq_sigmund, uniq_crazy_yiuf_cottage, uniq_jessica

Skill      XL: |  1  2  3  4 |
---------------+-------------+-----
Fighting       | 2 |  2.6
Dodging        | 3 |  3.1
Unarmed Combat | 4 |  4.0
Shapeshifting  | |  3.6

Action                     |  1- 3 |  4- 6 || total
---------------------------+-------+-------++-------
  Melee: Unarmed           |    66 |    59 ||   125
         Constrict         |    14 |    13 ||    27
         Tentacles         |     5 |     8 ||    13
         Punch             |     2 |     2 ||     4
    Use: Potion            |     1 |     6 ||     7
   Stab: Sleeping          |     5 |     3 ||     8
 Armour: Skin              |    17 |     3 ||    20
  Dodge: Dodged            |    43 |    21 ||    64

Table legend: (Time is in decaauts)
 A = Elapsed time spent in this place.
 B = Non-inter-level travel time spent in this place.
 C = Inter-level travel time spent in this place.
 D = Time resting spent in this place.
 E = Time spent auto-exploring this place.
 F = Levels seen in this place.
 G = Mean time per level.
                   A        B        C        D        E       F      G
               +--------+--------+--------+--------+--------+-----+--------+
         Total |   2223 |   2194 |     29 |    672 |   1077 |   3 |  741.0 |
       Dungeon |   2223 |   2194 |     29 |    672 |   1077 |   3 |  741.0 |
               +--------+--------+--------+--------+--------+-----+--------+

Top non-repeatable levels by time:
     D:2: 1328 daAuts
     D:1: 789 daAuts
     D:3: 105 daAuts
